 Dungeon Crawl Stone Soup version 0.25.1-1-g288607f (webtiles) character file.

Game seed: 12406891069696468037

132 RonnieColeman the Conjurer (level 5, -1/31 HPs)
             Began as an Octopode Conjurer on Sept 16, 2020.
             Slain by Sigmund
             ... wielding a +0 scythe
              (16 damage)
             ... on level 2 of the Dungeon.
             The game lasted 00:03:44 (2598 turns).

RonnieColeman the Conjurer (Octopode Conjurer)      Turns: 2598, Time: 00:03:44

Health: -1/31      AC:  1    Str:  7    XL:     5   Next: 15%
Magic:  2/11       EV: 13    Int: 19    God:
Gold:   79         SH:  0    Dex: 12    Spells: 9/12 levels left

rFire    . . .     SeeInvis .   i - +3 dagger
rCold    . . .     Gourm    .   (no shield)
rNeg     . . .     Faith    .   (helmet restricted)
rPois    .         Spirit   .   (no amulet)
rElec    .         Reflect  .   (no ring)
rCorr    .         Harm     .   (no ring)
MR       .....                  (no ring)
Stlth    +++.......             (no ring)
HPRegen  0.10/turn              (no ring)
MPRegen  0.12/turn              (no ring)
                                (no ring)
                                (no ring)

@: no status effects
A: almost no armour, stealthy swim, amphibious, 8 rings, constrict 8, camouflage
1, gelatinous body 1
a: no special abilities


You were on level 2 of the Dungeon.
You were not hungry.

You visited 1 branch of the dungeon, and saw 3 of its levels.

You collected 79 gold pieces.

Inventory:

Hand Weapons
 a - a +0 short sword
 i - a +3 dagger (weapon)
Scrolls
 d - 3 scrolls of fear {unknown}
 e - a scroll of teleportation {unknown}
 g - 2 scrolls of identify {unknown}
 j - a scroll of enchant armour {unknown}
 k - a scroll of fog {unknown}
Potions
 c - a potion of curing {unknown}
 f - a potion of might {unknown}
 h - 2 potions of stabbing {unknown}
Comestibles
 b - 3 rations


   Skills:
 - Level 2.0 Dodging
 - Level 2.6 Stealth
 * Level 4.1 Spellcasting
 + Level 4.8 Conjurations


You had 9 spell levels left.
You knew the following spells:

 Your Spells              Type           Power        Failure   Level  Hunger
a - Magic Dart            Conj           ###.         1%          1    None
b - Searing Ray           Conj           ###...       2%          2    ##.....

Your spell library contained the following spells:

 Spells                   Type           Power        Failure   Level  Hunger
 Dazzling Flash           Conj/Hex       ##....       16%         3    ###....
 Fulminant Prism          Conj/Hex       ##........   45%         4    ####...
 Iskenderun's Mystic Bla  Conj/Tloc      ##......     45%         4    ####...


Dungeon Overview and Level Annotations

Branches:
Dungeon (3/15)

Altars:

Annotations:
D:2 Sigmund


Innate Abilities, Weirdness & Mutations

You cannot wear most types of armour.
You are very stealthy in the water. (Stealth+)
You are amphibious.
You can wear up to eight rings at the same time.
You can use your tentacles to constrict eight enemies at once.
Your skin changes colour to match your surroundings (Stealth+).
Your rubbery body absorbs attacks. (AC +1, EV +1)


Message History

Deactivating autopickup; reactivate with Ctrl-A.
The searing ray hits something.
Something hits you!
You finish channeling your searing ray.
Something hits you.
Casting: Searing Ray (safe; 2% risk of failure)
Confirm with . or Enter, or press ? or * to list all spells.
You can't see any susceptible monsters within range! (Use Z to cast anyway.) Unknown command.
Casting: Searing Ray (safe; 2% risk of failure)
Confirm with . or Enter, or press ? or * to list all spells.
Okay, then.
Unknown command.
Casting: Searing Ray (safe; 2% risk of failure)
Confirm with . or Enter, or press ? or * to list all spells.
Aiming: Searing Ray (safe; 2% risk of failure)
Press: ? - help, Shift-Dir - straight line (Press . to maintain the ray.)
Something barely misses you.
The searing ray hits something.
Something hits you!
Ouch! That really hurt!
You die...

#.#####.##......g.............
#.(.<...##########.#....###.##
#..#.#####.#. ...#.#..###.#
####..........#. #####.#......##
#.............#. ..#.###....
#.....)....####.#.#######.###....
#..........'..#{#................
#...)......##.#.#######.###......
#.....([...##.#.@.......#....###.
#..........##.###########..).###.
#..........##..........((.......#
#..........###############.(....#
#..........# #..........#
#..........# ########..........#
#............ ......(...#.#.....#
#............ ..........#.#..##..
..........#.#..##.#


There were no monsters in sight!

Vanquished Creatures
  Jessica (D:2)
  An adder (D:2)
  4 gnolls
  2 oozes
  2 worms
  3 leopard geckos
  2 bats
  2 giant cockroaches (D:2)
  7 goblins
  3 hobgoblins (D:2)
  9 kobolds
  A quokka (D:2)
  3 frilled lizards
  4 rats
44 creatures vanquished.

Notes
Turn   | Place    | Note
-------+----------+-------------------------------------------
     0 | D:1      | RonnieColeman the Octopode Conjurer began the quest for the
                  | Orb.
     0 | D:1      | Reached XP level 1. HP: 11/11 MP: 3/3
   408 | D:1      | Reached XP level 2. HP: 17/17 MP: 5/5
  1149 | D:1      | Reached XP level 3. HP: 14/21 MP: 7/7
  1153 | D:1      | Learned a level 2 spell: Searing Ray
  1251 | D:2      | Noticed Jessica
  1255 | D:2      | Killed Jessica
  1359 | D:2      | Reached XP level 4. HP: 19/27 MP: 9/9
  2076 | D:2      | Reached XP level 5. HP: 14/31 MP: 6/11
  2591 | D:2      | Noticed Sigmund
  2598 | D:2      | Slain by Sigmund

Illustrated notes

Levels and vault maps discovered:
D:1:      lemuel_arrival_lava_pool, layout_basic
D:2:      layout_basic, first_ration, uniq_sigmund, uniq_jessica
D:3:      minmay_angry_zag, layout_basic, chequers_ecumenical_altar_grove,
          serial_glass, glass_columns_b, glass_columns_b

Skill      XL: |  1  2  3  4 |
---------------+-------------+-----
Spellcasting   | 3 4 |  4.1
Dodging        | |  2.0
Stealth        | |  2.6
Conjurations   | |  4.8

Action                   |  1- 3 |  4- 6 || total
-------------------------+-------+-------++-------
Melee: Unarmed           |    17 |       ||    17
       Constrict         |    10 |     6 ||    16
       Tentacles         |     5 |     3 ||     8
       Short sword       |    16 |       ||    16
       Dagger            |     8 |    26 ||    34
 Cast: Magic Dart        |     8 |     2 ||    10
       Searing Ray       |     1 |     7 ||     8
 Stab: Sleeping          |     5 |     5 ||    10
       Distracted        |       |     1 ||     1
  Eat: Chunk             |     1 |     4 ||     5
Armor: Skin              |     3 |     3 ||     6
Dodge: Dodged            |    24 |    23 ||    47
